AoeStats
← Pungus

Nomad

505754462Analyzed
2v2 RM · 23d ago on Sep 10, 2026· 33m 33s· 4 players
Game mode
Random Map
Map size
176×176
Population
200
Speed
Normal
Resources
Standard
Victory
Conquest
Starting age
Dark Age
Ending age
Imperial Age
RankedLock teamsTeams togetherTeam positionsShared explorationLock speedFull tech treeHidden civsTurbo modeCheats
Victory
Defeat
🇦🇷 Italians · Argentina
1211
+14
🇺🇸 Khmer · United States
1152
+17
🇺🇸 Byzantines · United States
1172
-16
🇺🇸 Ethiopians · United States
1167
-15
Dr. Pruto
9:06 Loom
9:08 Loom
19:16 Feudal Age
20:56 Wheelbarrow
20:08 Double-Bit Axe
21:42 Gold Mining
26:01 Castle Age
24:10 Horse Collar
25:19 Forging
25:14 Scale Barding Armor
28:22 Hand Cart
Pungus
12:00 Loom
16:11 Feudal Age
19:37 Double-Bit Axe
22:38 Wheelbarrow
24:49 Castle Age
22:45 Horse Collar
23:01 Gold Mining
23:06 Stone Mining
26:59 Forging
26:50 Scale Mail Armor
29:43 Wheelbarrow
29:18 Scale Barding Armor
cjblikstad
3:53 Loom
13:29 Feudal Age
15:05 Wheelbarrow
14:32 Town Watch
18:47 Castle Age
18:46 Forging
18:42 Scale Barding Armor
18:45 Fishing Lines
19:34 Light Cavalry
20:25 Bloodlines
20:44 Husbandry
21:36 Iron Casting
23:22 Chain Barding Armor
23:45 Hand Cart
24:18 Town Patrol
28:33 Pikeman
29:43 Scale Mail Armor
31:19 Sanctity
33:46 Imperial Age
malfoid
5:00 Loom
15:51 Feudal Age
23:51 Castle Age
26:06 Town Watch
26:15 Fletching
27:11 Bodkin Arrow
28:00 Thumb Ring
32:18 Ballistics
Connection lost

Rejoining the realm…

Still unreachable

The connection could not be restored.

Session expired

The server has moved on; the page needs a fresh start.